Description

Roach cheese build followed by constant zerglings. Send roaches straight to the opponents natural and back them up with zerglings ASAP.

Build Order

Get SALT Encoding   

  12  0:01  Drone  
  13  0:12  Overlord  
  13  0:16  Drone  
  14  0:30  Drone x2  Rally 1 Drone to make Extractor
  16  0:34  Drone  
  17  0:45  Extractor  
  16  0:47  Drone  
  17  0:52  Spawning Pool  
  16  0:55  Drone  
  17  1:06  Drone  
  18  1:20  Hatchery  
  17  1:24  Drone  
  18  1:39  Zergling x2, Queen  as this one finishes start 2nd Queen
  21  1:43  Drone  
  22  1:50  Overlord  
  22  1:56  Metabolic Boost  
  22  2:09  Roach Warren  
  21  2:10  Drone  
  22  2:25  Queen  
  24  2:41  Roach x6  
  36  3:02  Overlord  
  36  3:16  Overlord  
  36  3:20  Zergling x50  
Spawning Tool Build Advisor. Get it on Overwolf

Go to:

Details

  • Created by: voX
  • Published on: Jun 25, 2017
  • Modified on: Jun 25, 2017
  • Patch: 3.8.0
Show
View Real Time Build Order
Export as new Build Order

Comments (1)

On June 25, 2017, 6:06 p.m., 4thJobHokage  said:

This build looks like a weak version of this build http://lotv.spawningtool.com/build/51082/ in my opinion. With the Queen timing later and stuff it's a similar build but with a smaller amount of Roaches hitting at a later time.

Create an account to comment!